 Dungeon Crawl Stone Soup version 0.21-a0-133-gf55ed5b (webtiles) character file.

3 4thArraOfDagon the Caller (level 1, 0/7 HPs)
             Began as a Felid Summoner on July 17, 2017.
             Slain by a bat (1 damage)
             ... on level 3 of the Dungeon.
             The game lasted 00:01:08 (464 turns).

4thArraOfDagon the Caller (Felid Summoner)           Turns: 464, Time: 00:01:08

Health: 0/7        AC:  1    Str:  4    XL:     1   Next: 41%
Magic:  4/4        EV: 18    Int: 16    God:
Gold:   0          SH:  0    Dex: 16    Spells: 3/4 levels left
                                        Lives:  0   Deaths: 0

rFire    . . .     SeeInvis +   (weapon unavailable)
rCold    . . .     Gourm    .   (shield unavailable)
rNeg     . . .     Faith    .   (armour unavailable)
rPois    .         Spirit   .   (helmet unavailable)
rElec    .         Reflect  .   (cloak unavailable)
rCorr    .         Harm     .   (gloves unavailable)
MR       +....                  (boots unavailable)
Stlth    +++.......             (no amulet)
HPRegen  0.02/turn              d - ring of protection from magic
MPRegen  0.09/turn              (no ring)

@: quick
A: no armour, no weapons or thrown items, stealth, claws 1, fangs 3, see
invisible, carnivore 3, speed 1, shaggy fur 1, slow metabolism 1, sharp paws
a: no special abilities


You were on level 3 of the Dungeon.
You were full.

You visited 1 branch of the dungeon, and saw 3 of its levels.

Inventory:

Jewellery
 d - a ring of protection from magic (left paw)
Scrolls
 c - a scroll of recharging {unknown}
 e - a scroll of teleportation {unknown}
Books
 a - a book of Callings

   Spells                             Type                      Level
   a - Summon Small Mammal            Summoning                    1
   b - Call Imp                       Summoning                    2
   c - Call Canine Familiar           Summoning                    3
   d - Summon Guardian Golem          Hexes/Summoning              3
   e - Summon Lightning Spire         Summoning/Air                4
   f - Summon Ice Beast               Ice/Summoning                4
Comestibles
 b - a meat ration


   Skills:
 + Level 2.8 Dodging
 + Level 2.6 Stealth
 + Level 2.0 Spellcasting
 + Level 4.1 Summonings


You had 3 spell levels left.
You knew the following spells:

 Your Spells              Type           Power        Failure   Level  Hunger
a - Summon Small Mammal   Summ           ##..         3%          1    #......


Dungeon Overview and Level Annotations

Branches:
Dungeon (3/15)

Altars:

Annotations:
D:3 1 exclusion


Innate Abilities, Weirdness & Mutations

You cannot wear armour.
You are incapable of wielding weapons or throwing items.
Your paws allow you to move quietly. (Stealth)
You have sharp claws.
You have razor-sharp teeth.
You have supernaturally acute eyesight. (SInv)
You are carnivorous and can eat meat at any time.
You cover ground quickly.
You are covered in fur. (AC +1)
You have a slow metabolism.
Your sharp claws are effective at attacking unaware monsters.


Message History

Press: ? - help, v - describe, . - travel The floor.
Placed new exclusion.
Unknown command.
A ball python comes into view.
A kobold comes into view. It is wielding a short sword.
Found a stone staircase leading down.
The kobold shouts!
The kobold throws a stone.
The stone misses you.
A bat comes into view.
The kobold throws a stone.
The stone hits you.
* * * LOW HITPOINT WARNING * * *
You see here a stone.
Unknown command.
Found a cyan potion.
Unknown command.
The bat completely misses you. The bat barely misses you. The bat hits you.
You die...

###.......# #
#.....>.K.. #
#.#.......# #
#.......... #
#.#.......# #
#.......... #
#.#(#.#.#! #
#b#..# #
####@...# #
#.......# #
#.####.##
#.####.# ###
#.#....# #..
##.#.########
#.#
#...........#
#.#
#..#.######.#
#.# #..#.#
#.# #.#


You could see a bat.

Vanquished Creatures
  A giant cockroach (D:3)
  A rat (D:1)
2 creatures vanquished.

Vanquished Creatures (collateral kills)
  A giant cockroach (D:3)
  A quokka (D:3)
2 creatures vanquished.

Grand Total: 4 creatures vanquished

Notes
Turn   | Place    | Note
-------+----------+-------------------------------------------
     0 | D:1      | 4thArraOfDagon the Felid Summoner began the quest for the Orb.
     0 | D:1      | Reached XP level 1. HP: 7/7 MP: 4/4
   464 | D:3      | Slain by a bat

Vault maps used:
D:1:      scummos_arrival_simple_fountains, fountainhead, roderic_roman_lattice
D:3:      first_bread, st_stairs_4, corexii_item_surrounded_by_moat,
          nicolae_gozag_seed_capital

Action                   || total
-------------------------++-------
Melee: Unarmed           ||    18
       Bite              ||     2
 Cast: Summon Small Mamm ||     6
 Stab: Sleeping          ||     1
  Eat: Chunk             ||     2
Armor: Skin              ||     2
Dodge: Dodged            ||    19
